 Dungeon Crawl Stone Soup version 0.20.1-1-g8b1a95d (webtiles) character file.

220 Raiden350 the Covered (level 6, -1/48 HPs)
             Began as a Human Fighter on Nov 19, 2017.
             Killed by divine providence
             ... invoked by an orc priest
              (11 damage)
             ... on level 3 of the Dungeon.
             The game lasted 00:09:23 (2410 turns).

Raiden350 the Covered (Human Fighter)               Turns: 2410, Time: 00:09:24

Health: -1/48      AC:  7    Str: 18    XL:     6   Next: 18%
Magic:  6/6        EV:  8    Int:  8    God:
Gold:   96         SH:  9    Dex: 13    Spells: 5/5 levels left

rFire    . . .     SeeInvis .   a - +0 long sword
rCold    . . .     Gourm    .   c - +0 shield
rNeg     . . .     Faith    .   b - +0 scale mail
rPois    .         Spirit   .   (no helmet)
rElec    .         Reflect  .   (no cloak)
rCorr    .         Harm     .   (no gloves)
MR       .....                  (no boots)
Stlth    ..........             (no amulet)
Regen    0.2/turn               (no ring)
MPRegen  0.1/turn               (no ring)

@: no status effects
A: no striking features
a: no special abilities


You were on level 3 of the Dungeon.
You were not hungry.

You visited 1 branch of the dungeon, and saw 3 of its levels.

You collected 96 gold pieces.

Inventory:

Hand Weapons
 a - a +0 long sword (weapon)
Armour
 b - a +0 scale mail (worn)
 c - a +0 shield (worn)
Jewellery
 o - an uncursed ring of fire
Scrolls
 g - 2 scrolls of recharging
 k - a scroll of teleportation {unknown}
 l - a scroll of random uselessness {unknown}
 m - 2 scrolls of remove curse {unknown}
 n - 2 scrolls of identify {unknown}
 p - a scroll of magic mapping {unknown}
Potions
 e - 2 potions of brilliance
 q - a potion of berserk rage {unknown}
 r - a potion of agility {unknown}
 s - a potion of cancellation {unknown}
 t - 2 potions of invisibility {unknown}
 u - a potion of haste {unknown}
Comestibles
 f - a bread ration
 h - 3 meat rations
 i - 2 royal jellies
 j - 4 chunks of flesh


   Skills:
 - Level 4.0 Fighting
 - Level 3.0 Long Blades
 - Level 4.3 Armour
 - Level 2.0 Dodging
 + Level 3.6 Shields


You had 5 spell levels left.
You didn't know any spells.

Dungeon Overview and Level Annotations

Branches:
Dungeon (3/15)

Altars:
Qazlal
Trog
Uskayaw
Xom


Message History

The orc priest hits you but does no damage.
You hit the orc priest but do no damage.
You block the orc priest's attack.
Your shield prevents you from hitting the orc priest.
The orc priest calls down the wrath of Beogh upon you.
Beogh smites you!
* * * LOW HITPOINT WARNING * * *
The orc priest hits you but does no damage.
You hit the orc priest.
The orc priest is heavily wounded.
The orc priest barely misses you.
Your scale mail prevents you from hitting the orc priest.
The orc priest is heavily wounded.
The orc priest hits you.
* * * LOW HITPOINT WARNING * * *
You hit the orc priest.
The orc priest is heavily wounded.
The orc priest invokes the aid of Beogh against you.
Beogh smites you!
You die...

... #### #.# ..# #.#
#.# #.#
#######.######.#######
...........##.........
######.##.#.........(
#####.##.....######.
## #.o@.........# #.
.. #.###......### #.
#..#o##.# ######## #.
#oo'..# #. #..'r.# ##
#..#.#..# ......#### #
###


You could see an orc priest.

Vanquished Creatures
  A black bear (D:3)
  An iguana (D:3)
  2 adders
  2 dart slugs (D:1)
  5 leopard geckos
  9 orcs (D:3)
  4 giant cockroaches
  3 goblins
  9 hobgoblins
  6 jackals
  6 kobolds
  A ball python (D:2)
  8 bats
  A frilled lizard (D:1)
  6 rats
64 creatures vanquished.

Notes
Turn   | Place    | Note
-------+----------+-------------------------------------------
     0 | D:1      | Raiden350 the Human Fighter began the quest for the Orb.
     0 | D:1      | Reached XP level 1. HP: 18/18 MP: 1/1
   126 | D:1      | Reached skill level 1 in Dodging
   136 | D:1      | Reached XP level 2. HP: 20/24 MP: 2/2
   349 | D:1      | Reached XP level 3. HP: 16/29 MP: 3/3
   989 | D:2      | Found a shimmering altar of Xom.
  1308 | D:2      | Found a hide-covered altar of Uskayaw.
  1412 | D:2      | Reached XP level 4. HP: 35/35 MP: 4/4
  2144 | D:3      | Found a bloodstained altar of Trog.
  2144 | D:3      | Found a stormy altar of Qazlal.
  2235 | D:3      | Noticed a black bear
  2247 | D:3      | Killed a black bear
  2247 | D:3      | Reached XP level 5. HP: 20/42 MP: 5/5
  2303 | D:3      | Reached XP level 6. HP: 6/48 MP: 6/6
  2410 | D:3      | Killed from afar by an orc priest

Skill      XL: |  1  2  3  4 |
---------------+-------------+-----
Dodging        | 1 2 |  2.0
Long Blades    | 3 |  3.0
Fighting       | 4 |  4.0
Armour         | 4 |  4.3
Shields        | |  3.6

Action                   |  1- 3 |  4- 6 || total
-------------------------+-------+-------++-------
Melee: Long sword        |   103 |   109 ||   212
  Use: Potion            |     1 |     2 ||     3
       Scroll            |     1 |       ||     1
  Eat: Chunk             |     2 |     3 ||     5
Armor: Scale mail        |    46 |    56 ||   102
Dodge: Dodged            |    35 |    30 ||    65
Block: Shield            |    64 |    58 ||   122
       Rpst.: Long sword |    13 |    13 ||    26
